AoeStats
← FadedButtons

Highland

504551166Analyzed
4v4 RM · 26d ago on Sep 5, 2026· 84m 42s· 8 players
Game mode
Random Map
Map size
Large (8 player)
Population
200
Speed
Normal
Resources
Standard
Victory
Conquest
Starting age
Dark Age
Ending age
Imperial Age
RankedLock teamsTeams togetherTeam positionsShared explorationLock speedFull tech treeHidden civsTurbo modeCheats
Victory
Defeat
🇪🇸 Franks · Spain
590
+12
🇨🇱 Japanese · Chile
522
+14
🇨🇭 Vietnamese · Switzerland
521
+15
🇩🇪 Teutons · Germany
514
+15
🇮🇳 Poles · India
623
-19
🇺🇸 Vietnamese · United States
485
-14
🇺🇸 Koreans · United States
441
-12
🇧🇷 Spanish · Brazil
413
-11
Bertl
1:59 Loom
15:37 Feudal Age
16:53 Wheelbarrow
16:01 Horse Collar
16:14 Gold Mining
16:11 Double-Bit Axe
16:47 Stone Mining
21:17 Padded Archer Armor
21:08 Fletching
21:29 Forging
21:25 Scale Barding Armor
24:38 Castle Age
25:44 Hand Cart
25:45 Bow Saw
26:09 Heavy Plow
28:22 Caravan
31:15 Leather Archer Armor
35:11 Town Watch
38:40 Imperial Age
38:18 Bloodlines
40:26 Chemistry
39:25 Bodkin Arrow
40:01 Ring Archer Armor
38:57 Cavalier
41:17 Two-Man Saw
40:57 Iron Casting
40:44 Chain Barding Armor
42:25 Paladin
44:53 Plate Barding Armor
45:19 Blast Furnace
67:50 Town Patrol
A
3:24 Loom
11:40 Feudal Age
12:33 Double-Bit Axe
22:06 Gold Mining
22:58 Man-at-Arms
27:31 Castle Age
25:26 Stone Mining
25:59 Scale Barding Armor
31:17 Wheelbarrow
31:06 Husbandry
31:29 Chain Barding Armor
31:21 Forging
31:32 Scale Mail Armor
32:15 Pikeman
32:57 Squires
33:40 Hand Cart
36:04 Iron Casting
36:19 Town Watch
36:48 Bow Saw
39:22 Chain Mail Armor
38:32 Light Cavalry
42:42 Imperial Age
42:07 Town Patrol
43:33 Gold Shaft Mining
42:57 Cavalier
44:15 Plate Barding Armor
44:40 Blast Furnace
44:12 Plate Mail Armor
44:52 Halberdier
45:19 Gambesons
44:55 Long Swordsman
49:26 Onager
50:46 Hoardings
53:35 Chemistry
52:56 Ballistics
52:47 Masonry
52:27 Paladin
53:25 Two-Handed Swordsman
55:40 Chivalry
56:00 Conscription
55:02 Elite Throwing Axeman
57:36 Champion
59:42 #83
haritasic
0:30 Loom
16:52 Feudal Age
18:45 Wheelbarrow
18:43 Double-Bit Axe
18:47 Town Watch
22:44 Castle Age
21:47 Fishing Lines
24:20 Fletching
25:09 Hand Cart
25:27 Town Patrol
25:52 Bow Saw
27:00 Gillnets
26:38 Demolition Ship
28:47 Medium Warships
Hernan-Cortez
0:32 Loom
11:25 Feudal Age
20:36 Castle Age
18:56 Stone Mining
24:01 Double-Bit Axe
31:28 Wheelbarrow
30:40 Town Watch
37:18 Imperial Age
35:44 Padded Archer Armor
35:35 Fletching
35:46 Scale Mail Armor
35:57 Forging
36:02 Bow Saw
37:38 Leather Archer Armor
37:19 Bodkin Arrow
37:33 Elite Rattan Archer
43:03 Chemistry
42:24 Ballistics
42:40 Hand Cart
42:28 Town Patrol
43:02 Ring Archer Armor
42:32 Bracer
43:08 Iron Casting
42:48 Chain Mail Armor
42:17 Horse Collar
43:41 Two-Man Saw
42:35 Gold Mining
47:58 Siege Engineers
48:04 Thumb Ring
47:23 Elite Fire Lancer
48:04 Squires
48:37 Plate Mail Armor
48:30 Paper Money
48:46 Hoardings
57:17 Caravan
61:23 Arson
FadedButtons
10:35 Feudal Age
11:21 Double-Bit Axe
12:51 Horse Collar
18:00 Castle Age
18:59 Heavy Plow
21:14 Town Watch
22:06 Wheelbarrow
23:41 Bow Saw
24:07 Arson
24:56 Fletching
26:10 Hand Cart
26:38 Bodkin Arrow
27:20 Gold Mining
27:57 Town Patrol
29:55 Thumb Ring
30:43 Caravan
35:07 Padded Archer Armor
37:15 Leather Archer Armor
37:28 Ballistics
37:08 Murder Holes
40:09 Imperial Age
40:07 Squires
40:23 Forging
40:14 Scale Mail Armor
41:12 Paper Money
40:59 Bracer
41:30 Guilds
43:13 Elite Rattan Archer
44:32 Ring Archer Armor
45:50 Iron Casting
45:31 Chain Mail Armor
47:19 Two-Man Saw
47:14 Hoardings
48:09 Plate Mail Armor
49:21 Chemistry
48:26 Siege Engineers
48:08 Arrowslits
48:33 Elite Fire Lancer
56:37 Man-at-Arms
TheCalmTornado
12:32 Feudal Age
14:11 Horse Collar
17:52 Double-Bit Axe
26:04 Castle Age
30:00 Heavy Plow
31:17 Bow Saw
38:13 Wheelbarrow
37:26 Town Watch
38:24 Eupseong
42:22 Imperial Age
43:23 Shinkichon
48:17 Two-Man Saw
47:18 Gold Mining
47:20 Stone Mining
49:58 Masonry
50:14 Ballistics
50:56 Chemistry
49:44 Arrowslits
50:55 Murder Holes
51:33 Architecture
54:01 Thumb Ring
53:54 Fletching
57:02 Bodkin Arrow
57:19 Forging
65:44 Elite Turtle Ship
66:53 Siege Engineers
72:35 Caravan
73:20 Coinage
mifurini
0:51 Loom
11:32 Feudal Age
15:12 Double-Bit Axe
21:03 Horse Collar
24:15 Castle Age
24:46 Light Cavalry
25:37 Bloodlines
25:31 Husbandry
25:56 Scale Barding Armor
25:53 Scale Mail Armor
26:07 Forging
28:49 Caravan
29:20 Coinage
30:09 Bow Saw
30:11 Heavy Plow
38:53 Imperial Age
36:59 Wheelbarrow
36:10 Town Watch
40:40 Banking
40:21 Guilds
41:02 Chain Barding Armor
40:58 Chain Mail Armor
41:19 Iron Casting
40:07 Hussar
42:24 Hand Cart
42:10 Town Patrol
42:54 Gold Mining
42:55 Stone Mining
45:55 Plate Barding Armor
45:50 Plate Mail Armor
48:42 Blast Furnace
50:48 Sanctity
50:29 Devotion
50:55 Illumination
50:26 Herbal Medicine
51:13 Theocracy
50:56 Block Printing
50:53 Redemption
52:34 Chemistry
51:56 Ballistics
51:49 Masonry
52:35 Elite Conquistador
59:34 Stone Shaft Mining
62:00 Cavalier
pratikmalusare99
9:00 Loom
11:30 Feudal Age
15:47 Horse Collar
15:56 Double-Bit Axe
16:04 Gold Mining
16:06 Stone Mining
16:02 Fishing Lines
20:25 Wheelbarrow
20:59 Fletching
23:52 Castle Age
21:38 Town Watch
25:09 Bow Saw
25:45 Stone Shaft Mining
25:13 Heavy Plow
25:11 Bodkin Arrow
26:04 Medium Warships
27:01 Gillnets
27:36 Hand Cart
27:22 Town Patrol
28:26 Caravan
30:36 Padded Archer Armor
30:46 Forging
30:37 Scale Mail Armor
30:44 Scale Barding Armor
31:27 Crossbowman
32:26 Pikeman
33:06 Squires
32:57 Arson
36:03 Murder Holes
36:32 Ballistics
35:56 Treadmill Crane
36:40 Thumb Ring
36:53 Leather Archer Armor
36:55 Chain Mail Armor
37:15 Iron Casting
38:19 Szlachta Privileges
40:37 Ballistics
44:30 Chain Barding Armor
46:31 Masonry
46:35 Clinker Construction
46:40 Careening
47:29 Husbandry
47:39 Bloodlines
46:51 Light Cavalry
47:51 Guard Tower
50:37 Imperial Age
51:51 Bracer
52:51 Blast Furnace
52:22 Plate Mail Armor
52:15 Conscription
52:31 Hoardings
52:19 Lechitic Legacy
51:24 Elite Obuch
53:13 Chemistry
52:26 Fortified Wall
52:26 Siege Engineers
52:35 Fortified Wall
52:21 Arrowslits
52:23 Cavalier
52:26 Winged Hussar
53:55 Crop Rotation
54:16 Siege Engineers
62:29 Heavy Warships
62:53 Arbalester
69:21 Onager
78:46 Elite Skirmisher
Connection lost

Rejoining the realm…

Still unreachable

The connection could not be restored.

Session expired

The server has moved on; the page needs a fresh start.